 Dungeon Crawl Stone Soup version 0.17.1-3-g152610e (webtiles) character file.

294414 MrTails the Executioner (level 20, -4/171 HPs)
             Began as a Minotaur Berserker on Feb 23, 2016.
             Was the Champion of Trog.
             Slain by a rakshasa
             ... wielding a +0 trident
              (14 damage)
             ... while paralysed by accursed screaming
             ... on level 3 of the Abyss.
             The game lasted 02:19:08 (33503 turns).

MrTails the Executioner (Minotaur Berserker)       Turns: 33503, Time: 02:19:08

Health: -4/171     AC: 31    Str: 34 (35) XL:     20   Next: 3%
Magic:  5/5        EV:  2    Int: -2 (2)  God:    Trog [******]
Gold:   1525       SH:  0    Dex:  9      Spells: 0 memorised, 19 levels left

rFire  + . .     SeeInvis .     G - +10 broad axe of War {antimagic, Str+4}
rCold  + . .     Clarity  .     v - +3 scale mail "One Vew" {rC+ Slay+6}
rNeg   . . .     SustAt   .     V - +0 large shield
rPois  +         Gourm    .     (helmet restricted)
rElec  .         Spirit   .     J - +1 cloak {rF+}
rCorr  +         Warding  .     y - +2 pair of gloves of the Engineer {rCorr}
rMut   .         Stasis   .     q - +0 pair of boots
MR     ++++.                    j - amulet of faith
Stlth  +.........               n - ring of protection from magic
                                i - +5 ring of protection

@: paralysed, lethally poisoned (-4 -> -4), recuperating, diseased, slowed, lost
intelligence, incredibly resistant to hostile enchantments, very unstealthy
A: retaliatory headbutt, horns 2, rough black scales 1, thin skeletal structure
1, camouflage 1, blink, blurry vision 1, clumsy 1, deterioration 2, dopey 1,
frail 1, low mp 1, poison resistance, spit poison 1, subdued magic 1
a: Spit Poison, Blink, Berserk, Trog's Hand, Brothers in Arms, Burn Spellbooks,
Renounce Religion
}: 2/15 runes: decaying, gossamer


You were on level 3 of the Abyss.
You worshipped Trog.
Trog was exalted by your worship.
You were not hungry.

You visited 7 branches of the dungeon, and saw 35 of its levels.
You visited the Abyss 1 time.
You also visited: Ossuary, Ice Cave and Volcano.

You collected 3932 gold pieces.
You spent 2407 gold pieces at shops.

Inventory:

Hand Weapons
 F - a +5 hand axe of electrocution
 G - the +10 broad axe of War (weapon) {antimagic, Str+4}
   (Trog gifted it to you on level 4 of the Orcish Mines)

   It disrupts the flow of magical energy around spellcasters and certain
   magical creatures (including the wielder).
   It affects your strength (+4).
 K - a +9 war axe of flaming
 X - a +0 broad axe of chopping
Armour
 p - a +0 plate armour of fire resistance
 q - a +0 pair of boots (worn)
 v - the +3 scale mail "One Vew" (worn) {rC+ Slay+6}
   (You found it on level 2 of the Lair of Beasts)

   It affects your accuracy and damage with ranged weapons and melee attacks
   (+6).
   It protects you from cold.
 y - the +2 pair of gloves of the Engineer (worn) {rCorr}
   (You found it on level 8 of the Lair of Beasts)

   It protects you from acid and corrosion.
 z - a +0 pair of gloves
 I - a +3 scale mail of fire resistance
 J - a +1 cloak of fire resistance (worn)
 V - a +0 large shield (worn)
Jewellery
 i - a +5 ring of protection (left hand)
 j - an amulet of faith (around neck)
 n - a ring of protection from magic (right hand)
 L - an uncursed ring of fire {unknown}
 W - a +6 ring of strength
Wands
 l - a wand of polymorph (9)
 s - a wand of digging (7)
 Q - a wand of confusion (25)
Scrolls
 a - a scroll of brand weapon
 d - 4 scrolls of magic mapping
 e - 21 scrolls of identify
 f - 6 scrolls of enchant weapon
 k - 6 scrolls of recharging
 m - 8 scrolls of teleportation
 t - 3 scrolls of acquirement
 A - 8 scrolls of fear
 D - 11 scrolls of enchant armour
 E - 6 scrolls of fog
 M - 10 scrolls of remove curse
 N - 2 scrolls of summoning
 T - 3 scrolls of blinking
Potions
 b - 5 potions of agility
 h - 5 potions of might
 r - 15 potions of curing
 u - 2 potions of cure mutation
 w - 5 potions of magic
 x - 6 potions of heal wounds
 B - 2 potions of brilliance
 C - 4 potions of resistance
 H - 5 potions of flight
 S - 2 potions of haste
 Z - a potion of cancellation
Comestibles
 c - 18 bread rations
 g - 12 beef jerkies
 o - 18 meat rations
 P - a slice of pizza
 U - 4 royal jellies


   Skills:
 + Level 19.1 Fighting
 * Level 25.2 Axes
 + Level 19.0 Armour
 - Level 2.1 Dodging
 + Level 18.2 Shields


You had 19 spell levels left.
You didn't know any spells.

Dungeon Overview and Level Annotations

Branches:
Dungeon (12/15)            Temple (0/1) D:7            Lair (8/8) D:9
  Swamp (4/4) Lair:4       Spider (4/4) Lair:4        Slime (2/6) Lair:7
    Orc (4/4) D:9             Elf (1/3) Orc:4

Altars:
Dithmenos
Elyvilon
Gozag
Kikubaaqudgha
Nemelex Xobeh
Qazlal
Yredelemnul
The Shining One
Jiyva

Shops:
D:4 }   D:5 =   D:12 (   Orc:1 !   Orc:2 (?*[   Orc:4 :!?[}


Innate Abilities, Weirdness & Mutations

You reflexively headbutt those who attack you in melee.
You have a pair of horns on your head.
You are partially covered in rough black scales (AC +4, Dex -1).
You have a somewhat thin skeletal structure (Dex +2, Stealth).
Your skin changes colour to match your surroundings (Stealth).
You can translocate small distances at will.
Scrolls take you a little longer to read.
You are clumsy. (Dex -2)
Your body often deteriorates upon taking damage.
You are dopey. (Int -2)
You are frail (-10% HP).
Your magical capacity is low (-10% MP).
Your system is resistant to poisons.
You can spit weak poison.
Your spells are a little easier to cast, but a little less powerful.


Message History

Your body deteriorates!
You feel dopey. The rakshasa closely misses you.
You block the starcursed mass's attack.
The starcursed mass engulfs you but does no damage. x2
A starcursed mass splits.
You block the starcursed mass's attack. The starcursed mass barely misses you.
The starcursed mass engulfs you!
* * * LOW HITPOINT WARNING * * *
Really read with blurry vision while enemies are nearby?
Uppercase [Y]es or [N]o only, please.
Really read with blurry vision while enemies are nearby?
You block the rakshasa's attack. You block the starcursed mass's attack.
The starcursed mass engulfs you.
* * * LOW HITPOINT WARNING * * *
You begin reading the scroll.
You continue reading the scroll.
You feel sick. You block the starcursed mass's attack.
A cacophony of accursed wailing tears at your sanity!
* * * LOW HITPOINT WARNING * * *
You suddenly lose the ability to move!
The starcursed mass engulfs you but does no damage.
The rakshasa hits you from afar with a trident!
You die...

##...##......##
#.#.............
# ..............
##..............
# #.............
...#.............
#.##
....XXxR.....
###... .##XXX...#
##....##@XXX..#
#......XXXX.....
###....XXXX.....
.##......##....
.##......# ....
#........ ...
#........ ..
#.........


You could see 16 starcursed masses, a rakshasa and an ancient zyme.

Vanquished Creatures
  2 bone dragons
  A Hell Sentinel (Abyss:1)
  A tentacled monstrosity (Abyss:2)
  A lich (Abyss:3)
  3 acid blobs (Slime:2)
  An Executioner (Abyss:1)
  15 tentacled starspawn
  2 thorn hunters
  A sphinx (Elf:1)
  4 azure jellies
  A frost giant (IceCv)
  A deep elf sorcerer (Elf:1)
  Louise (Swamp:4)
  3 ghost moths
  6 emperor scorpions
  A balrug (Abyss:3)
  3 very ugly things (Abyss:1)
  4 dire elephants (Lair:8)
  A yellow draconian (Abyss:2)
  A lorocyproca (Abyss:3)
  A corrupter (Abyss:3)
  A white draconian (Abyss:3)
  A deep elf annihilator (Elf:1)
  Snorg (Orc:4)
  3 rakshasas (Abyss:3)
  2 green deaths (Abyss:3)
  A blizzard demon (Abyss:3)
  2 eidola (Abyss:3)
  A fire dragon (Elf:1)
  20 hydras
  2 ghost crabs
  A great orb of eyes (Slime:2)
  An entropy weaver (Spider:1)
  A centaur warrior (D:11)
  14 alligators
  An ogre mage (Orc:2)
  4 thrashing horrors
  An anaconda (Lair:8)
  3 death yaks (IceCv)
  A queen ant (Spider:4)
  3 sun demons (Abyss:3)
  A vampire mage (Abyss:3)
  An ice devil (Abyss:3)
  3 orc high priests (Orc:4)
  14 wretched stars
  A spatial maelstrom (Abyss:3)
  The ghost of theElss the Basher, a novice GrBe of Trog (D:8)
  4 deep elf knights (Elf:1)
  3 skeletal warriors (D:12)
  A fire crab (Abyss:3)
  2 unseen horrors
  3 deep elf summoners (Elf:1)
  A giant orange brain (shapeshifter) (Abyss:3)
  13 swamp dragons
  2 shambling mangroves
  2 spriggan druids (Swamp:2)
  2 giant orange brains
  2 deep elf conjurers (Elf:1)
  A necromancer (Spider:3)
  5 orc knights
  10 wolf spider zombies (Spider:3)
  A mana viper (shapeshifter) (Abyss:3)
  16 orb spiders
  3 shining eyes
  3 orc sorcerers (Orc:4)
  8 ugly things
  4 hill giants
  6 hornets
  23 wolf spiders
  3 moths of wrath
  2 manticores (Elf:1)
  3 griffons (Elf:1)
  5 worldbinders
  A harpy (Elf:1)
  22 large abominations
  16 elephants
  An eye of devastation (Slime:1)
  A wizard (Abyss:3)
  7 black mambas
  An ice statue (IceCv)
  4 apocalypse crabs
  5 smoke demons
  A centaur skeleton (D:10)
  A yaktaur (D:11)
  8 demonic crawlers
  9 komodo dragons
  2 orange demons
  19 spiny frogs
  A tormentor (Abyss:2)
  8 ancient zymes
  A red devil (Abyss:3)
  14 polar bears
  4 fire drakes
  A trapdoor spider zombie (D:11)
  A hellwing (Abyss:3)
  17 jumping spiders
  5 two-headed ogres
  10 giant leeches
  69 slime creatures
  4 trolls
  2 hydra skeletons
  2 boulder beetles (Lair:8)
  29 raiju
  7 tarantella zombies (Spider:3)
  27 blink frogs
  10 bog bodies
  17 trapdoor spiders
  3 shadows
  A flying skull (Abyss:3)
  34 redbacks
  6 spriggans
  4 deep elf fighters
  A wraith (D:12)
  13 neqoxecs (Abyss:3)
  23 small abominations
  25 tarantellas
  A hog (shapeshifter) (Abyss:2)
  9 deep elf magi
  A water elemental (Abyss:3)
  9 ynoxinuls
  9 hippogriffs
  60 yaks
  30 wolves
  3 golden eyes
  23 vampire mosquitoes
  A wyvern (D:11)
  A hog (Volcano)
  7 fire bats
  6 basilisks
  A hungry ghost (Abyss:3)
  5 wargs
  Menkaure (D:4)
  19 soldier ants
  15 insubstantial wisps
  4 chaos spawn
  5 porcupines
  21 swamp worms
  11 water moccasins
  11 swamp drakes
  21 orc warriors
  28 spiders
  2 sky beasts
  4 hell hounds
  12 ogres
  An ice beast (D:9)
  18 wasps
  10 centaurs
  A phantom (D:8)
  An eye of draining (Slime:2)
  A necrophage (D:6)
  2 big kobolds
  12 crocodiles
  2 brain worms
  A wyvern zombie (D:11)
  17 giant frogs
  9 spider zombies (Spider:3)
  6 scorpions
  A wyvern skeleton (D:10)
  15 wights
  22 killer bees
  4 electric eels
  3 crimson imps
  7 quasits
  A wasp zombie (D:7)
  52 starcursed masses
  19 jellies
  A centaur zombie (D:3)
  26 orc priests
  4 hounds
  An iron imp (Abyss:3)
  5 giant frog zombies
  24 orc wizards
  A gnoll shaman (D:9)
  6 giant frog skeletons
  9 iguanas
  39 worker ants
  17 sheep
  A hound zombie (D:6)
  A hound skeleton (D:11)
  13 mummies (Ossuary)
  Robin (D:4)
  65 river rats
  3 worker ant zombies
  7 adders
  3 gnolls (D:9)
  4 white imps
  A shadow imp (D:5)
  6 ufetubi
  An ooze (D:1)
  An adder skeleton (D:8)
  An adder zombie (D:8)
  3 worms (D:3)
  8 giant geckos
  146 orcs
  9 bats
  2 giant cockroaches
  16 goblins
  12 hobgoblins
  2 jackals (D:3)
  6 quokkas
  A giant gecko skeleton (D:7)
  5 giant newts
  A gnoll skeleton (Ossuary)
  A goblin skeleton (Ossuary)
  2 jackal skeletons
  21 kobolds
  3 kobold skeletons (Ossuary)
  3 orc skeletons (Ossuary)
  2 quokka skeletons
  13 rats
  11 rat skeletons (Ossuary)
  6 briar patches (Swamp:4)
  11 fungi
  18 plants
  18 starspawn tentacles
  A starspawn tentacle segment (Abyss:2)
1791 creatures vanquished.

Vanquished Creatures (others)
  A smoke demon (Abyss:2)
  A raiju (Abyss:3)
  A hog (Volcano)
  A deep elf fighter (Volcano)
  2 soldier ants (Spider:4)
  A swamp worm (Swamp:3)
  An orc (Orc:3)
  6 fungi (Lair:8)
  19 plants
  36 starspawn tentacles
  234 starspawn tentacle segments
303 creatures vanquished.

Grand Total: 2094 creatures vanquished

Notes
Turn   | Place    | Note
--------------------------------------------------------------
     0 | D:1      | MrTails the Minotaur Berserker began the quest for the Orb.
     0 | D:1      | Reached XP level 1. HP: 19/19 MP: 0/0
    79 | D:1      | Reached XP level 2. HP: 9/27 MP: 1/1
   372 | D:1      | Found a sparkling altar of Nemelex Xobeh.
   375 | D:1      | Reached skill level 4 in Axes
   638 | D:1      | Reached ** piety under Trog
   775 | D:1      | Reached XP level 3. HP: 33/33 MP: 2/2
  1605 | D:3      | Reached XP level 4. HP: 20/41 MP: 3/3
  1694 | D:3      | Reached skill level 5 in Axes
  1896 | D:3      | Reached *** piety under Trog
  2300 | D:4      | Noticed Robin
  2305 | D:4      | Reached XP level 5. HP: 47/47 MP: 4/4
  2311 | D:4      | Killed Robin
  2324 | D:4      | Reached skill level 5 in Fighting
  2381 | D:4      | Reached skill level 6 in Axes
  2425 | D:4      | Noticed an ogre
  2434 | D:4      | Reached XP level 6. HP: 50/56 MP: 5/5
  2613 | D:4      | Killed an ogre
  2613 | D:4      | Reached skill level 7 in Axes
  2628 | D:4      | Found an opulent altar of Gozag.
  2708 | D:4      | Noticed Menkaure
  2713 | D:4      | Killed Menkaure
  2713 | D:4      | Reached skill level 5 in Armour
  2713 | D:4      | Reached XP level 7. HP: 63/63 MP: 6/6
  2925 | D:4      | Found Leihut's Gadget Boutique.
  2997 | D:5      | Entered Level 5 of the Dungeon
  3052 | D:5      | Found a sand-covered staircase.
  3065 | Ossuary  | Entered an ossuary
  3238 | Ossuary  | Reached skill level 8 in Axes
  3736 | D:5      | Found Enu Irr's Jewellery Shop.
  4168 | D:5      | Reached XP level 8. HP: 68/71 MP: 7/7
  4215 | D:5      | Found a shadowy altar of Dithmenos.
  4299 | D:6      | Reached skill level 9 in Axes
  4420 | D:6      | Found a shadowy altar of Dithmenos.
  4420 | D:6      | Found a stormy altar of Qazlal.
  4422 | D:6      | Found a white marble altar of Elyvilon.
  4425 | D:6      | Found an ancient bone altar of Kikubaaqudgha.
  4425 | D:6      | Found a glowing golden altar of the Shining One.
  4592 | D:6      | Reached **** piety under Trog
  5092 | D:7      | Reached skill level 1 in Shields
  5095 | D:7      | Reached skill level 10 in Axes
  5143 | D:7      | Found a staircase to the Ecumenical Temple.
  5380 | D:7      | Reached XP level 9. HP: 81/81 MP: 8/8
  5405 | D:7      | Received a gift from Trog
  5664 | D:7      | Found a basalt altar of Yredelemnul.
  5899 | D:8      | Reached skill level 11 in Axes
  6046 | D:8      | Gained mutation: You possess an exceptional clarity of mind. [mutagenic meat]
  6047 | D:8      | Gained mutation: Your system is resistant to poisons. [mutagenic meat]
  6048 | D:8      | Gained mutation: You are partially covered in rough black scales (AC +4, Dex -1). [mutagenic meat]
  6049 | D:8      | Gained mutation: Scrolls take you a little longer to read. [mutagenic meat]
  6050 | D:8      | Gained mutation: Your skin changes colour to match your surroundings (Stealth). [mutagenic meat]
  6094 | D:8      | Noticed a hill giant
  6107 | D:8      | Killed a hill giant
  6111 | D:8      | Reached ***** piety under Trog
  6334 | D:8      | Noticed theElss's ghost (novice GrBe)
  6342 | D:8      | Reached XP level 10. HP: 91/91 MP: 9/9
  6359 | D:8      | Killed theElss's ghost
  6359 | D:8      | Reached skill level 12 in Axes
  6359 | D:8      | Reached skill level 5 in Shields
  6835 | D:8      | Gained mutation: Your muscles are strong. (Str +2) [potion of mutation]
  6836 | D:8      | Gained mutation: Your muscles are very strong. (Str +4) [potion of mutation]
  6836 | D:8      | Gained mutation: You can spit weak poison. [potion of mutation]
  6836 | D:8      | Gained mutation: You are robust (+10% HP). [potion of mutation]
  6879 | D:9      | Found a staircase to the Lair.
  7466 | D:9      | Reached skill level 10 in Fighting
  7491 | D:9      | Found a staircase to the Orcish Mines.
  7504 | D:9      | Reached skill level 13 in Axes
  8117 | D:10     | Entered Level 10 of the Dungeon
  8177 | D:10     | Reached XP level 11. HP: 85/110 MP: 10/10
  8268 | D:10     | Reached skill level 10 in Armour
  8382 | D:10     | Noticed a hill giant
  8389 | D:10     | Killed a hill giant
  8814 | D:11     | Killed an unseen horror
  9000 | D:11     | Noticed a centaur warrior
  9008 | D:11     | Received a gift from Trog
  9009 | D:11     | Reached skill level 14 in Axes
  9015 | D:11     | Killed a centaur warrior
  9091 | D:11     | Gained mutation: Your body sometimes deteriorates upon taking damage. [mutagenic meat]
  9092 | D:11     | Gained mutation: You have a somewhat thin skeletal structure (Dex +2, Stealth). [mutagenic meat]
  9093 | D:11     | Lost mutation: You are robust (+10% HP). [mutagenic meat]
  9625 | D:12     | Noticed a hill giant
  9635 | D:12     | Killed a hill giant
  9906 | D:12     | Noticed a hill giant
  9917 | D:12     | Killed a hill giant
 10062 | D:12     | Reached XP level 12. HP: 64/110 MP: 11/11
 10108 | D:12     | Found Roonarint's Weapon Emporium.
 10167 | D:12     | Noticed a skeletal warrior
 10174 | D:12     | Noticed a skeletal warrior
 10186 | D:12     | Killed a skeletal warrior
 10198 | D:12     | Killed a skeletal warrior
 10198 | D:12     | Reached skill level 15 in Axes
 10307 | D:12     | Noticed a skeletal warrior
 10319 | D:12     | Killed a skeletal warrior
 11121 | D:5      | Bought a +6 ring of strength for 643 gold pieces
 11281 | Lair:1   | Entered Level 1 of the Lair of Beasts
 11281 | Lair:1   | Noticed an eight-headed hydra
 11293 | Lair:1   | Killed an eight-headed hydra
 11305 | Lair:1   | Found a dark tunnel.
 11311 | Volcano  | Entered a volcano
 11334 | Volcano  | Received a gift from Trog
 12219 | Lair:2   | Got a brightly glowing scale mail
 12239 | Lair:2   | Identified the +3 scale mail "One Vew" {rC+ Slay+6} (You found it on level 2 of the Lair of Beasts)
 12336 | Lair:2   | Reached skill level 10 in Shields
 12491 | Lair:2   | Reached skill level 16 in Axes
 13134 | Lair:3   | Reached XP level 13. HP: 116/119 MP: 12/12
 13275 | Lair:3   | Reached ****** piety under Trog
 13278 | Lair:3   | Received a gift from Trog
 13354 | Lair:3   | Noticed a seven-headed hydra
 13359 | Lair:3   | Killed a five-headed hydra
 13789 | Lair:4   | Found a hole to the Spider Nest.
 13814 | Lair:4   | Found a staircase to the Swamp.
 14454 | Lair:5   | Received a gift from Trog
 14458 | Lair:5   | Reached skill level 17 in Axes
 14518 | Lair:5   | Found a frozen archway.
 14530 | IceCv    | Entered an ice cave
 15045 | IceCv    | Noticed a frost giant
 15057 | IceCv    | Killed a frost giant
 15060 | IceCv    | Reached XP level 14. HP: 129/129 MP: 13/13
 15338 | Lair:5   | Received a gift from Trog
 15641 | Lair:5   | Reached skill level 18 in Axes
 16627 | Lair:7   | Found a staircase to the Slime Pits.
 16627 | Lair:7   | Found a viscous altar of Jiyva.
 16750 | Lair:7   | Received a gift from Trog
 17268 | Lair:8   | Entered Level 8 of the Lair of Beasts
 17408 | Lair:8   | Received a gift from Trog
 18686 | Lair:8   | Reached skill level 19 in Axes
 18882 | Lair:8   | Got a pair of dazzling gloves
 18893 | Lair:8   | Identified the +2 pair of gloves of the Engineer {rCorr} (You found it on level 8 of the Lair of Beasts)
 19371 | Orc:1    | Entered Level 1 of the Orcish Mines
 19379 | Orc:1    | Received a gift from Trog
 19381 | Orc:1    | Found Yhecem's Distillery.
 19390 | Orc:1    | Bought a potion of curing for 39 gold pieces
 19390 | Orc:1    | Bought a potion of might for 52 gold pieces
 19390 | Orc:1    | Bought a potion of curing for 39 gold pieces
 19390 | Orc:1    | Bought a potion of might for 52 gold pieces
 19390 | Orc:1    | Bought a potion of heal wounds for 65 gold pieces
 19553 | Orc:2    | Found Vesum's General Store.
 19592 | Orc:2    | Found Tamaso's Food Boutique.
 19612 | Orc:2    | Bought a beef jerky for 16 gold pieces
 19612 | Orc:2    | Bought a bread ration for 55 gold pieces
 19612 | Orc:2    | Bought a bread ration for 55 gold pieces
 19612 | Orc:2    | Bought a beef jerky for 16 gold pieces
 19612 | Orc:2    | Bought 3 fruits for 49 gold pieces
 19612 | Orc:2    | Bought a meat ration for 55 gold pieces
 19612 | Orc:2    | Bought a meat ration for 55 gold pieces
 19650 | Orc:2    | Bought a bread ration for 60 gold pieces
 19650 | Orc:2    | Bought 3 scrolls of teleportation for 108 gold pieces
 19701 | Orc:2    | Found Podonat's Magic Scroll Emporium.
 19709 | Orc:2    | Bought a scroll of identify for 28 gold pieces
 19709 | Orc:2    | Bought a scroll of teleportation for 42 gold pieces
 19709 | Orc:2    | Bought a scroll of identify for 28 gold pieces
 19709 | Orc:2    | Bought a scroll of brand weapon for 280 gold pieces
 19729 | Orc:2    | Found Cuptid's Armour Shop.
 19822 | Orc:2    | Received a gift from Trog
 19846 | Orc:2    | Found Buozoxt's Weapon Shop.
 20096 | Orc:4    | Entered Level 4 of the Orcish Mines
 20128 | Orc:4    | Reached XP level 15. HP: 135/139 MP: 14/14
 20298 | Orc:4    | Received a gift from Trog
 20332 | Orc:4    | Got a scorched broad axe {god gift}
 20333 | Orc:4    | Identified the +10 broad axe of War {antimagic, Str+4} (Trog gifted it to you on level 4 of the Orcish Mines)
 20366 | Orc:4    | Found Neram's Book Shop.
 20390 | Orc:4    | Noticed Snorg
 20396 | Orc:4    | Killed Snorg
 20481 | Orc:4    | Found a staircase to the Elven Halls.
 20534 | Orc:4    | Received a gift from Trog
 20540 | Orc:4    | Paralysed by an orc sorcerer for 6 turns
 21010 | Orc:4    | Paralysed by an orc sorcerer for 6 turns
 21016 | Orc:4    | Found Polug's Distillery.
 21016 | Orc:4    | Found Imosirch's Magic Scroll Boutique.
 21038 | Orc:4    | Found Tani's Gadget Boutique.
 21038 | Orc:4    | Found Tejiudob's Antique Armour Shoppe.
 21054 | Orc:4    | Bought a scroll of enchant armour for 127 gold pieces
 21054 | Orc:4    | Bought 2 scrolls of enchant armour for 255 gold pieces
 21054 | Orc:4    | Bought a scroll of identify for 34 gold pieces
 21054 | Orc:4    | Bought a scroll of identify for 34 gold pieces
 21054 | Orc:4    | Bought a scroll of identify for 34 gold pieces
 21054 | Orc:4    | Bought a scroll of blinking for 127 gold pieces
 21054 | Orc:4    | Bought a scroll of magic mapping for 59 gold pieces
 21577 | Swamp:1  | Entered Level 1 of the Swamp
 21931 | Swamp:1  | Identified a scroll of acquirement
 22110 | Swamp:1  | Reached skill level 15 in Fighting
 22328 | Swamp:2  | Noticed a thorn hunter
 22340 | Swamp:2  | Killed a thorn hunter
 22422 | Swamp:2  | Reached skill level 20 in Axes
 22439 | Swamp:2  | Reached skill level 15 in Armour
 22444 | Swamp:2  | Received a gift from Trog
 22447 | Swamp:2  | Got an ichor-stained war axe {god gift}
 22448 | Swamp:2  | Identified the +7 war axe "Yrusek" {flame, *Corrode Str+6} (Trog gifted it to you on level 2 of the Swamp)
 23386 | Swamp:3  | Received a gift from Trog
 23558 | Swamp:3  | Got a shimmering mace
 23559 | Swamp:3  | Identified the +12 mace of Sompoloe {speed, +Inv Str+2} (You found it on level 3 of the Swamp)
 23819 | Swamp:4  | Entered Level 4 of the Swamp
 23832 | Swamp:4  | Received a gift from Trog
 23954 | Swamp:4  | Reached XP level 16. HP: 149/149 MP: 5/15
 23992 | Swamp:4  | Noticed Louise
 24001 | Swamp:4  | Killed Louise
 24102 | Swamp:4  | Reached skill level 21 in Axes
 24188 | Swamp:4  | Noticed a thorn hunter
 24379 | Swamp:4  | Killed a thorn hunter
 24988 | Swamp:4  | Received a gift from Trog
 25137 | Swamp:4  | Got a decaying rune of Zot
 25517 | Slime:1  | Entered Level 1 of the Pits of Slime
 26194 | Slime:1  | Received a gift from Trog
 26235 | Slime:2  | Noticed an acid blob
 26245 | Slime:2  | Killed an acid blob
 26287 | Slime:2  | Lost mutation: Your muscles are very strong. (Str +4) [a shining eye]
 26381 | Slime:2  | Gained mutation: Your spells are a little easier to cast, but a little less powerful. [a shining eye]
 26384 | Slime:2  | Noticed an acid blob
 26386 | Slime:2  | Paralysed by a great orb of eyes for 4 turns
 26393 | Slime:2  | Killed an acid blob
 26393 | Slime:2  | Reached skill level 15 in Shields
 26576 | Slime:2  | Noticed an acid blob
 26592 | Slime:2  | Killed an acid blob
 26592 | Slime:2  | Reached XP level 17. HP: 129/159 MP: 5/16
 26802 | Spider:1 | Entered Level 1 of the Spider Nest
 26838 | Spider:1 | Reached skill level 22 in Axes
 26879 | Spider:1 | Received a gift from Trog
 27154 | Spider:1 | Received a gift from Trog
 27592 | Spider:2 | Received a gift from Trog
 28085 | Spider:4 | Entered Level 4 of the Spider Nest
 28500 | Spider:4 | Received a gift from Trog
 28873 | Spider:4 | Received a gift from Trog
 29019 | Spider:4 | Reached XP level 18. HP: 150/170 MP: 5/17
 29038 | Spider:4 | Reached skill level 23 in Axes
 29162 | Spider:4 | Got a gossamer rune of Zot
 29582 | Elf:1    | Entered Level 1 of the Elven Halls
 29640 | Elf:1    | Received a gift from Trog
 30015 | Elf:1    | Cast into the Abyss (a deep elf demonologist)
 30076 | Abyss:1  | Received a gift from Trog
 30117 | Abyss:1  | Lost mutation: Your body often deteriorates upon taking damage. [mutagenic meat]
 30182 | Abyss:1  | Gained mutation: You expend magic power (3 MP) to strengthen your wands. [mutagenic meat]
 30185 | Abyss:1  | Lost mutation: You possess an exceptional clarity of mind. [mutagenic meat]
 30187 | Abyss:1  | Gained mutation: Your magical capacity is low (-10% MP). [mutagenic meat]
 30196 | Abyss:1  | Lost mutation: Scrolls take you a little longer to read. [mutagenic meat]
 30197 | Abyss:1  | Lost mutation: You expend magic power (3 MP) to strengthen your wands. [mutagenic meat]
 30198 | Abyss:1  | Lost mutation: Your magical capacity is low (-10% MP). [mutagenic meat]
 30201 | Abyss:1  | Gained mutation: You can translocate small distances at will. [mutagenic meat]
 30532 | Abyss:2  | Noticed a bone dragon
 30894 | Abyss:2  | Found a corrupted altar of Lugonu.
 30960 | Abyss:2  | Reached skill level 24 in Axes
 31063 | Abyss:2  | Found a corrupted altar of Lugonu.
 31351 | Abyss:2  | Reached XP level 19. HP: 133/161 MP: 6/18
 31360 | Abyss:2  | Lost intelligence.
 31456 | Abyss:2  | Noticed a bone dragon
 31476 | Abyss:2  | Killed a bone dragon
 31710 | Abyss:3  | Received a gift from Trog
 32149 | Abyss:3  | Gained mutation: Scrolls take you a little longer to read. [a neqoxec]
 32603 | Abyss:3  | Lost intelligence.
 32645 | Abyss:3  | Gained mutation: You are very frail (-20% HP). [a neqoxec]
 32702 | Abyss:3  | Gained mutation: You are dopey. (Int -2) [a neqoxec]
 32866 | Abyss:3  | Gained mutation: You are clumsy. (Dex -2) [a shining eye]
 32871 | Abyss:3  | Lost intelligence.
 32878 | Abyss:3  | Reached skill level 25 in Axes
 32880 | Abyss:3  | Gained mutation: Your body sometimes deteriorates upon taking damage. [a neqoxec]
 32885 | Abyss:3  | Received a gift from Trog
 32909 | Abyss:3  | Lost mutation: Scrolls take you a little longer to read. [mutagenic meat]
 32910 | Abyss:3  | Lost mutation: Your muscles are strong. (Str +2) [mutagenic meat]
 32977 | Abyss:3  | Gained mutation: Your body often deteriorates upon taking damage. [a neqoxec]
 32978 | Abyss:3  | Gained mutation: Your magical capacity is low (-10% MP). [a neqoxec]
 32978 | Abyss:3  | Gained mutation: Scrolls take you a little longer to read. [a neqoxec]
 32994 | Abyss:3  | Received a gift from Trog
 33013 | Abyss:3  | Got a polished broad axe {god gift}
 33022 | Abyss:3  | Identified the +8 broad axe "Nistiowk" {chop, +Rage rF+} (Trog gifted it to you on level 3 of the Abyss)
 33037 | Abyss:3  | Noticed a bone dragon
 33050 | Abyss:3  | Killed a bone dragon
 33375 | Abyss:3  | Reached XP level 20. HP: 152/171 MP: 4/13
 33495 | Abyss:3  | Paralysed by accursed screaming for 2 turns
 33503 | Abyss:3  | Paralysed by accursed screaming for 2 turns
 33503 | Abyss:3  | Slain by a rakshasa

Action                   |  1- 3 |  4- 6 |  7- 9 | 10-12 | 13-15 | 16-18 | 19-21 || total
-------------------------+-------+-------+-------+-------+-------+-------+-------++-------
Melee: Hand axe          |   112 |   138 |   410 |    73 |       |       |       ||   733
       War axe           |       |       |    59 |   512 |   643 |   159 |       ||  1373
       Morningstar       |       |       |       |     6 |       |       |       ||     6
       Broad axe         |       |       |       |       |   373 |  1026 |   458 ||  1857
Invok: Berserk           |     1 |     1 |     3 |     5 |     3 |     9 |     4 ||    26
       Trog's Hand       |     1 |     2 |     2 |     4 |     4 |    18 |    14 ||    45
       Burn Spellbooks   |       |       |     1 |       |     6 |     3 |       ||    10
 Abil: Spit Poison       |       |       |       |     1 |       |       |       ||     1
  Use: Potion            |     2 |       |       |     3 |       |     5 |     4 ||    14
       Scroll            |       |     6 |     2 |    28 |     8 |     9 |       ||    53
 Stab: Sleeping          |       |       |       |       |     2 |       |       ||     2
       Distracted        |       |       |       |       |     2 |     1 |     2 ||     5
       Paralysed         |       |       |       |       |     2 |     1 |     1 ||     4
  Eat: Chunk             |     3 |     3 |    14 |    23 |    29 |    29 |     8 ||   109
       Pizza             |       |     1 |       |     2 |       |     1 |       ||     4
       Fruit             |       |       |     6 |     6 |    15 |     9 |     3 ||    39
       Beef jerky        |       |       |     1 |       |       |       |       ||     1
       Royal jelly       |       |       |       |       |       |     5 |     4 ||     9
       Bread ration      |       |       |       |       |       |     1 |     1 ||     2
       Meat ration       |       |       |       |       |       |     1 |       ||     1
